 Dungeon Crawl Stone Soup version 0.29-a0-553-g81b289dbe5 (webtiles) character file.

Game seed: 15067323035190589193

23 kae the Firebug (level 2, -1/20 HPs)
             Began as a Demigod Fire Elementalist on June 6, 2022.
             Slain by a ball python (3 damage)
             ... on level 1 of the Dungeon.
             The game lasted 00:00:25 (440 turns).

kae the Firebug (Demigod Fire Elementalist)          Turns: 440, Time: 00:00:25

Health: -1/20      AC:  2    Str:  9    XL:     2   Next: 54%
Magic:  0/7        EV:  9    Int: 17    God:
Gold:   0          SH:  0    Dex: 14    Spells: 2/5 levels left

rFire   . . .      SeeInvis .   c - +0 dagger
rCold   . . .      Faith    .   (no shield)
rNeg    . . .      Spirit   .   a - +0 robe
rPois   .          Reflect  .   (no helmet)
rElec   .          Harm     .   (no cloak)
rCorr   .          Rampage  .   (no gloves)
Will    .....                   (no boots)
Stlth   ++........              (no amulet)
HPRegen 0.06/turn               (no ring)
MPRegen 0.10/turn               (no ring)

@: constricted
A: high MP 1, forlorn, divine attributes
a: no special abilities


You were on level 1 of the Dungeon.
You visited 1 branch of the dungeon, and saw 1 of its levels.

Inventory:

Hand Weapons
 c - a +0 dagger (weapon)
Armour
 a - a +0 robe (worn)
Potions
 b - a potion of magic


   Skills:
 - Level 1.7 Dodging
 - Level 1.7 Stealth
 + Level 2.0 Spellcasting
 * Level 1.6 Conjurations
 * Level 3.1 Fire Magic


You had 2 spell levels left.
You knew the following spells:

 Your Spells              Type           Power      Damage    Failure   Level
a - Foxfire               Conj/Fire      36%        2x1d5     7%          1
b - Scorch                Fire           24%        2d6       9%          2

Your spell library contained the following spells:

 Spells                   Type           Power      Damage    Failure   Level
 Conjure Flame            Conj/Fire      9%         6-21      22%         3
 Inner Flame              Hex/Fire       7%         N/A       30%         3
 Flame Wave               Conj/Fire      9%         2d5       56%         4


Dungeon Overview and Level Annotations

Branches:
Dungeon (1/15)


Innate Abilities, Weirdness & Mutations

You have an increased reservoir of magic. (+10% MP)
You shall have no god before yourself.
Your divine heritage dramatically boosts your attributes as you level up.


Message History

The jackal is severely wounded.
The jackal misses you. The jackal barely misses you.
The jackal closely misses you. The jackal attacks as you move away!
The jackal bites you. x4
The jackal attacks as you move away! The jackal barely misses you.
The jackal attacks as you move away! The jackal bites you.
* * * LOW HITPOINT WARNING * * *
You are too injured to fight recklessly!
You are too injured to fight recklessly!
Okay, then.
Unknown command.
Casting: Foxfire (safe; 8% risk of failure)
Confirm with . or Enter, or press ? or * to list all spells.
You conjure some foxfire!
The foxfire hits the jackal.
You kill the jackal!
The foxfire hits the jackal.
You kill the jackal!
The jackal bites you but does no damage.
Casting: Foxfire (safe; 8% risk of failure)
Confirm with . or Enter, or press ? or * to list all spells.
You conjure some foxfire!
The jackal bites you.
* * * LOW HITPOINT WARNING * * *
The foxfire hits the jackal but does no damage.
The foxfire hits the jackal.
The jackal is severely wounded.
The jackal closely misses you. The jackal bites you.
* * * LOW HITPOINT WARNING * * *
Casting: Foxfire (safe; 8% risk of failure)
Confirm with . or Enter, or press ? or * to list all spells.
You conjure some foxfire!
The jackal barely misses you.
The foxfire hits the jackal but does no damage.
The jackal is severely wounded.
The foxfire hits the jackal.
You kill the jackal!
Casting: Foxfire (safe; 7% risk of failure)
Confirm with . or Enter, or press ? or * to list all spells.
You conjure some foxfire!
The ball python misses you. The ball python grabs you.
The ball python constricts you. The ball python bites you.
You die...

.. ........ ...
........## ....
#..........
....###.......#.
............... .
#.....!. ...##..
###......##.....#
......†.Sv.....#
##......#@§....#.
#.....)#v§.......
##......#)........
#......)..........
#$.....#..........
#......#....#.....
#......#....#.###.#.
##...######...# ...
#... #.......###..#
......


You could see a ball python (ally target).

Vanquished Creatures
  3 dart slugs (D:1)
  4 goblins (D:1)
  A hobgoblin (D:1)
  4 jackals (D:1)
  A bat (D:1)
  A kobold (D:1)
  A rat (D:1)
15 creatures vanquished.

Vanquished Creatures (others)
  44 foxfires (D:1)
44 creatures vanquished.

Grand Total: 59 creatures vanquished

Notes
Turn   | Place    | Note
-------+----------+-------------------------------------------
     0 | D:1      | kae the Demigod Fire Elementalist began the quest for the
                  | Orb.
     0 | D:1      | Reached XP level 1. HP: 14/14 MP: 5/5
    20 | D:1      | Reached skill level 1 in Conjurations
    73 | D:1      | Reached skill level 3 in Fire Magic
    73 | D:1      | Reached XP level 2. HP: 9/20 MP: 0/7
    76 | D:1      | Learned a level 2 spell: Scorch
   440 | D:1      | Slain by a ball python

Illustrated notes

Levels and vault maps discovered:
D:1:      amcnicky_arrival_double_pillar, layout_basic

Skill      XL: |  1  2 |
---------------+-------+-----
Conjurations   | 1 |  1.6
Fire Magic     | 3 |  3.1
Spellcasting   | 2 |  2.0
Dodging        | |  1.7
Stealth        | |  1.7

Action                   || total
-------------------------++-------
Melee: Unarmed           ||     8
       Dagger            ||     2
 Cast: Foxfire           ||    24
Armor: Robe              ||     4
Dodge: Dodged            ||    22

Table legend: (Time is in decaauts)
 A = Elapsed time spent in this place.
 B = Non-inter-level travel time spent in this place.
 C = Inter-level travel time spent in this place.
 D = Time resting spent in this place.
 E = Time spent auto-exploring this place.
 F = Levels seen in this place.
 G = Mean time per level.
                   A        B        C        D        E       F      G
               +--------+--------+--------+--------+--------+-----+--------+
         Total |    439 |    439 |      0 |      0 |    345 |   1 |  439.0 |
       Dungeon |    439 |    439 |      0 |      0 |    345 |   1 |  439.0 |
               +--------+--------+--------+--------+--------+-----+--------+

Top non-repeatable levels by time:
     D:1: 439 daAuts
